 Dungeon Crawl Stone Soup version 0.30.0-19-g36f170ea60 (webtiles) character file.

Game seed: 1512620576432246056

2080 Sabo the Covered (level 9, -7/102 HPs)
             Began as a Demonspawn Berserker on May 28, 2023.
             Was a Priest of Trog.
             Mangled by a rust devil (11 damage)
             ... on level 5 of the Dungeon.
             The game lasted 00:33:17 (6800 turns).

Sabo the Covered (Demonspawn Berserker)             Turns: 6800, Time: 00:33:19

Health: -7/102     AC: -1    Str: 21    XL:     9   Next: 6%
Magic:  0/9        EV: 10    Int: 13    God:    Trog [***...]
Gold:   274        SH:  0    Dex: 19    Spells: 8/8 levels left

rFire   . . .        C - +2 halberd (freeze)
rCold   . . .        (shield currently unavailable)
rNeg    . . .        p - +0 chain mail
rPois   .            t - +0 helmet "Qakuol" {Int+4}
rElec   .            a - +0 cloak
rCorr   .            A - +2 pair of gloves
SInv    .            (no boots)
Will    .....        f - amulet of guardian spirit Stlth
                     h - +6 ring of dexterity
HPRegen 0.37/turn    (no ring)
MPRegen 0.11/turn

%: guardian spirit
@: berserking (expiring), corroded, very quick
A: thin metallic scales 1, demonic magic 2
a: Renounce Religion, Berserk, Trog's Hand


You were on level 5 of the Dungeon.
You worshipped Trog.
Trog was most pleased with you.
You visited 1 branch of the dungeon, and saw 6 of its levels.

You collected 274 gold pieces.

Inventory:

Hand Weapons
 b - a +2 dagger of venom
 c - a +0 shortbow
 m - a +1 heavy spear
 w - a +0 war axe
 C - a +2 halberd of freezing (weapon)
Missiles
 g - 15 javelins (quivered)
 B - 3 poisoned darts
Armour
 a - a +0 cloak (worn)
 p - a +0 chain mail (worn)
 t - the +0 helmet "Qakuol" (worn) {Int+4}
   (You found it on level 6 of the Dungeon)

   Int:       It affects your intelligence (+4).
 u - a +0 helmet
 A - a +2 pair of gloves (worn)
Jewellery
 f - an amulet of guardian spirit (around neck)
 h - a +6 ring of dexterity (left hand)
 k - a ring of fire
Wands
 x - a wand of flame (28)
 D - a wand of quicksilver (3)
Scrolls
 e - a scroll of fear
 i - 2 scrolls of teleportation
 l - a scroll of summoning
 s - a scroll of silence {unknown}
 v - a scroll of brand weapon {unknown}
 y - a scroll of blinking {unknown}
Potions
 d - 4 potions of cancellation
 j - 2 potions of curing
 n - a potion of brilliance {unknown}
 o - a potion of mutation {unknown}
 q - a potion of flight {unknown}
 r - a potion of invisibility {unknown}
 z - 2 potions of haste {unknown}


   Skills:
 + Level 5.2 Fighting
 + Level 3.5 Short Blades
 + Level 3.1(4.5) Axes
 + Level 5.0(5.4) Polearms
 + Level 6.9 Armour
 + Level 3.9 Dodging
 + Level 0.6 Stealth


You had 8 spell levels left.
You didn't know any spells.
Your spell library was empty.

Dungeon Overview and Level Annotations

Branches:
Dungeon (6/15)             Temple (0/1) D:5

Altars:
Dithmenos
Fedhas
Gozag
Hepliaklqana
Qazlal
Sif Muna

Shops:
D:1 =


Innate Abilities, Weirdness & Mutations

You are partially covered in thin metallic scales. (AC +2)
Spells you cast may paralyse nearby enemies.


Message History

The orc warrior is severely wounded.
The orc warrior hits you but does no damage.
The orc warrior barely misses you.
You hit the orc warrior. You freeze the orc warrior.
The orc warrior is almost dead.
The rust devil closely misses you. The rust devil hits you.
The rust devil corrodes you!
The orc warrior hits you from afar with a +0 glaive!
You hit the rust devil.
The rust devil is lightly wounded.
The rust devil hits you. The rust devil corrodes you! The rust devil hits you.
The rust devil corrodes you!
The orc warrior hits you with a +0 mace!
The orc warrior hits you with a +0 glaive.
You barely miss the rust devil.
The rust devil is lightly wounded.
The rust devil hits you. The rust devil corrodes you!
The rust devil barely misses you. The orc warrior closely misses you.
The orc warrior barely misses you.
You hit the rust devil but do no damage.
The rust devil is lightly wounded.
The rust devil hits you!
* * * LOW HITPOINT WARNING * * *
The rust devil corrodes you! The rust devil barely misses you.
The orc warrior completely misses you.
The orc warrior hits you with a +0 glaive!!
* * * LOW HITPOINT WARNING * * *
You hit the orc warrior. You freeze the orc warrior.
The orc warrior is moderately wounded.
The rust devil closely misses you. The rust devil barely misses you.
The orc warrior hits you with a +0 mace.
* * * LOW HITPOINT WARNING * * *
You hit the orc warrior but do no damage.
The orc warrior is moderately wounded.
The orc warrior hits you with a +0 glaive.
* * * LOW HITPOINT WARNING * * *
You hit the orc warrior but do no damage.
The orc warrior is moderately wounded.
The rust devil hits you!
You die...

.## #.......###.##..# #. ##
###....#.#..##..# #. #
###.....##.#.##..# #. #
##...###....#.##..## #.
#########..### ###..#.....[# #.
.......##.##)#+#)##........# #.
######....#♣.....♣#..###...# #.
###.##.....4o##.# #..## ##.
######.#∩...8o@.>#.# #..# #..
###......##.....4.##.# #..# #.#
..........#♣.....♣#..# #..# #.#
≈≈≈≈≈...#.##)#+#)##.####..#####.#
≈≈≈≈≈≈.....### ###....##........#
..._≈≈.......###....#.#####.###.#
≈≈≈≈≈≈.##........#.##...........#
≈≈≈≈≈.)######...)..#####.........
....... ####...####...(......


You could see 2 rust devils and 2 orc warriors.

Vanquished Creatures
  Pikel (D:6)
  A water moccasin (D:6)
  An orc warrior (D:6)
  An ogre (D:5)
  A sky beast (D:6)
  A black bear (D:6)
  2 centaurs (D:6)
  A bullfrog (D:4)
  A scorpion (D:4)
  6 wights (D:6)
  4 hounds
  An orc priest (D:3)
  Jessica (D:2)
  2 iguanas
  Terence (D:2)
  2 orc wizards
  Natasha (D:3)
  Robin (D:2)
  4 gnolls (D:3)
  4 adders (D:4)
  A worm (D:3)
  5 dart slugs
  12 orcs
  4 bats
  5 endoplasms
  17 goblins
  10 hobgoblins
  A quokka (D:2)
  10 ball pythons
  3 frilled lizards
  10 kobolds
  10 rats
125 creatures vanquished.

Vanquished Creatures (collateral kills)
  A black bear (D:6)
  A howler monkey (D:6)
  An ufetubus (D:6)
3 creatures vanquished.

Grand Total: 128 creatures vanquished

Notes
Turn   | Place    | Note
-------+----------+-------------------------------------------
     0 | D:1      | Sabo the Demonspawn Berserker began the quest for the Orb.
     0 | D:1      | Reached XP level 1. HP: 18/18 MP: 1/1
   279 | D:1      | Found Yxko Yssiu's Jewellery Shop.
   397 | D:1      | Gained mutation: Spells you cast may paralyse adjacent
                  | enemies. [demonic ancestry]
   397 | D:1      | Reached XP level 2. HP: 19/24 MP: 2/2
   398 | D:1      | Reached skill level 2 in Armour
   687 | D:1      | Reached ** piety under Trog
  1100 | D:2      | Noticed Jessica
  1108 | D:2      | Killed Jessica
  1109 | D:2      | Gained mutation: Spells you cast may paralyse nearby
                  | enemies. [demonic ancestry]
  1109 | D:2      | Reached XP level 3. HP: 15/29 MP: 0/3
  1223 | D:2      | Noticed Terence
  1233 | D:2      | Killed Terence
  1234 | D:2      | Reached skill level 1 in Short Blades
  1234 | D:2      | Reached XP level 4. HP: 21/35 MP: 1/4
  1623 | D:2      | Noticed Robin
  1657 | D:2      | Killed Robin
  1961 | D:3      | Reached skill level 3 in Armour
  1972 | D:3      | Reached XP level 5. HP: 21/41 MP: 1/5
  1977 | D:3      | Reached *** piety under Trog
  2511 | D:3      | Noticed Natasha
  2530 | D:3      | Killed Natasha
  3140 | D:4      | Gained mutation: You are partially covered in thin metallic
                  | scales. (AC +2) [demonic ancestry]
  3140 | D:4      | Reached XP level 6. HP: 48/48 MP: 6/6
  3371 | D:4      | Reached skill level 4 in Armour
  4104 | D:4      | Found a shadowy altar of Dithmenos.
  4448 | D:5      | Entered Level 5 of the Dungeon
  4744 | D:5      | Found a staircase to the Ecumenical Temple.
  4795 | D:5      | Found a shimmering blue altar of Sif Muna.
  4860 | D:5      | Found a blossoming altar of Fedhas.
  4868 | D:5      | Reached XP level 7. HP: 47/54 MP: 5/7
  4901 | D:5      | Found a hazy altar of Hepliaklqana.
  5034 | D:5      | Found an opulent altar of Gozag.
  5398 | D:6      | Reached skill level 1 in Polearms
  5398 | D:6      | Reached skill level 5 in Armour
  5565 | D:6      | Found a stormy altar of Qazlal.
  5575 | D:6      | Reached XP level 8. HP: 43/60 MP: 1/8
  5704 | D:6      | Identified the +0 helmet "Qakuol" {Int+4}
  5832 | D:6      | Noticed Pikel
  5849 | D:6      | Killed Pikel
  5850 | D:6      | Reached skill level 6 in Armour
  6036 | D:6      | Reached skill level 5 in Fighting
  6612 | D:6      | Reached XP level 9. HP: 52/66 MP: 7/9
  6626 | D:6      | Reached skill level 5 in Polearms
  6788 | D:5      | Noticed a rust devil
  6788 | D:5      | Noticed a rust devil
  6799 | D:5      | HP: 4/102 [orc warrior/+0 glaive (3)]
  6800 | D:5      | Mangled by a rust devil

Illustrated notes

Levels and vault maps discovered:
D:1:      dpeg_arrival_simpleton_a, layout_basic, serial_shops,
          nicolae_diamond_shop
D:2:      layout_loops_cross, uniq_jessica, uniq_terence, uniq_robin
D:3:      layout_loops_ring, uniq_natasha
D:4:      layout_basic, mainiacjoe_overflow_swirl, minmay_pentangle
D:5:      cheibrodos_iron_armory, layout_loops_ring,
          mainiacjoe_overflow_catwalk, mainiacjoe_overflow_chevrons,
          nicolae_sif_muna_condensation, mainiacjoe_overflow_big_doors,
          temple_pool_b
D:6:      layout_rooms, nicolae_qazlal_beasts_of_the_sky,
          biasface_ghost_orc_armoury, minmay_misc_feat_room, uniq_pikel,
          uniq_sigmund

Skill      XL: |  1  2  3  4  5  6  7  8  9 |
---------------+----------------------------+-----
Armour         | 2 3 4 5 6 |  6.9
Dodging        | 2 3 |  3.9
Axes           | 3 |  3.1
Short Blades   | 1 2 3 |  3.5
Fighting       | 4 5 |  5.2
Polearms       | 2 4 5 |  5.0
Stealth        | |  0.6

Action                     |  1- 3 |  4- 6 |  7- 9 || total
---------------------------+-------+-------+-------++-------
  Melee: Hand axe          |    19 |       |       ||    19
         Dagger            |    50 |   218 |       ||   268
         Punch             |       |     3 |     4 ||     7
         Spear             |       |    24 |    86 ||   110
         Halberd           |       |       |    66 ||    66
 Invoke: Berserk           |       |     1 |     5 ||     6
    Use: Scroll            |       |     7 |     1 ||     8
         Potion            |       |     4 |     3 ||     7
 Armour: Animal skin       |     2 |       |       ||     2
         Ring mail         |    16 |       |       ||    16
         Chain mail        |       |   144 |   218 ||   362
  Dodge: Dodged            |    43 |   100 |   190 ||   333
